Map: Ruins of Seras

Players

고니 - Winner!

  • Race: Zerg Zerg
  • League: Grandmaster

State

  • Race: Protoss Protoss
  • League: Grandmaster

VOD

Have the link to the VOD?

Description

Time

  • Played on: Dec. 27, 2015, 8:32 p.m.
  • Length: 10:22
Show
View Real Time Build Order
Export as new Build Order

고니 Zerg - Winner!

Build Orders: 3 Hatch before Pool 

Get SALT Encoding   

  12  0:00  Drone  
  13  0:13  Overlord  
  13  0:18  Drone  
  14  0:31  Drone x2  
  16  0:35  Drone  
  17  0:46  Drone  
  18  1:13  Hatchery  
  18  1:18  Hatchery  
  16  1:21  Drone  
  16  1:25  Drone  
  18  1:27  Drone  
  18  1:32  Drone  
  20  1:35  Extractor  
  19  1:45  Spawning Pool  
  18  1:49  Drone  
  19  1:55  Drone  
  21  2:08  Drone  
  21  2:16  Drone  
  22  2:26  Drone x2  
  24  2:32  Queen x2  
  24  2:35  Queen  
  30  2:40  Metabolic Boost  
  30  2:45  Zergling x2  
  30  2:49  Overlord  
  31  2:53  Drone  
  31  2:54  Drone  
  31  2:57  Zergling x2  
  34  3:02  Overlord  
  34  3:08  Drone x2  
  34  3:09  Drone  
  37  3:14  Drone x3  
  40  3:21  Overlord  
  40  3:22  Drone  
  41  3:29  Zergling x4  
  43  3:37  Zergling x6  
  46  3:43  Zergling x14  
  46  3:46  Zergling x4  
  54  3:50  Zergling x4  
  54  3:51  Zergling x2  
  57  3:56  Zergling x2  
  58  4:07  Overlord x2  
  58  4:08  Overlord  
  57  4:25  Drone  
  57  4:26  Drone x9  
  66  4:34  Drone x2, Extractor  
  66  4:35  Roach Warren, Extractor  
  63  4:44  Drone x8  
  69  4:48  Lair  
  68  4:54  Drone x4  
  72  5:02  Overlord x3  
  72  5:08  Extractor  
  71  5:19  Overlord x4  
  71  5:23  Roach x5  
  81  5:30  Roach  
  81  5:31  Roach x3  
  89  5:38  Roach  
  89  5:39  Roach x3  
  97  5:47  Glial Reconstitution  
  97  5:49  Zergling x2  
  98  5:50  Zergling x10  
  98  5:51  Zergling x2  
  98  5:54  Roach, Zergling x2  
  98  5:56  Ravager  
  104  6:08  Roach x2  
  104  6:09  Roach x3  
  109  6:19  Ravager x2  
  109  6:25  Overseer  
  108  6:38  Zergling x2  
  108  6:39  Zergling x20  
  119  6:44  Hatchery  
  119  6:47  Ravager x2  
  119  6:57  Roach  
  119  6:58  Roach x4  
  119  6:59  Overlord x3  
  119  7:00  Overlord x3  
  129  7:16  Evolution Chamber, Spire  
  127  7:23  Drone  
  127  7:24  Drone  
  129  7:31  Drone  
  129  7:32  Drone x10  
  129  7:35  Extractor x2  
  138  7:42  Drone x5  
  138  7:43  Ravager  
  143  7:47  Zerg Melee Weapons Level 1  
  143  7:50  Hatchery  
  142  8:03  Queen  
  142  8:04  Overlord x2  
  142  8:22  Zergling x10  
  142  8:23  Zergling x24  
  144  8:45  Mutalisk  
  144  8:46  Mutalisk x9  
  153  9:00  Mutalisk x2  
  153  9:09  Overseer  
  131  9:21  Mutalisk x3  
  130  9:27  Zergling x2  
  130  9:28  Zergling x18  
  104  9:43  Mutalisk x3  
  101  9:46  Zergling x2  
  101  9:47  Zergling x12  
  105  9:57  Spore Crawler x2  
  105  9:58  Overseer  
  102  10:04  Zergling x2  
  102  10:05  Zergling x14  
Show
View Real Time Build Order
Export as new Build Order

State Protoss 

Build Orders: 1 Gate Expand 

Get SALT Encoding   

  12  0:00  Probe (Chrono Boost)  
  13  0:11  Probe (Chrono Boost)  
  14  0:18  Pylon  
  14  0:23  Probe (Chrono Boost)  
  15  0:37  Probe (Chrono Boost)  
  15  0:41  Gateway  
  16  0:47  Probe (Chrono Boost)  
  17  0:50  Assimilator  
  17  0:58  Probe (Chrono Boost)  
  18  1:08  Probe (Chrono Boost)  
  19  1:19  Probe (Chrono Boost)  
  20  1:28  Nexus  
  20  1:31  Probe (Chrono Boost)  
  21  1:41  Cybernetics Core  
  21  1:45  Probe (Chrono Boost)  
  22  1:51  Pylon  
  22  1:55  Probe (Chrono Boost)  
  22  1:59  Assimilator  
  23  2:10  Probe (Chrono Boost)  
  24  2:17  Stalker  
  24  2:18  Warp Gate  
  24  2:20  Probe (Chrono Boost)  
  27  2:33  Probe (Chrono Boost), Twilight Council  
  28  2:40  Probe (Chrono Boost)  
  28  2:43  Probe (Chrono Boost)  
  30  2:47  Adept  
  30  2:51  Probe (Chrono Boost)  
  33  2:55  Probe (Chrono Boost)  
  34  3:01  Probe (Chrono Boost)  
  34  3:03  Robotics Facility  
  36  3:05  Probe (Chrono Boost)  
  36  3:11  Resonating Glaives (Chrono Boost)  
  36  3:12  Probe (Chrono Boost)  
  37  3:16  Probe (Chrono Boost)  
  37  3:19  Adept  
  40  3:22  Probe (Chrono Boost)  
  40  3:26  Probe (Chrono Boost)  
  42  3:32  Pylon  
  42  3:33  Probe (Chrono Boost)  
  43  3:37  Probe (Chrono Boost)  
  44  3:42  Probe (Chrono Boost)  
  44  3:44  Assimilator  
  44  3:46  Gateway  
  44  3:47  Gateway  
  46  3:48  Probe  
  46  3:52  Probe  
  46  3:57  Pylon  
  46  4:01  Pylon  
  46  4:06  Pylon  
  46  4:07  Pylon  
  46  4:08  Pylon  
  46  4:09  Mothership Core  
  44  4:18  Immortal (Chrono Boost), Assimilator  
  48  4:30  Gateway  
  48  4:33  Pylon  
  48  4:34  Pylon  
  47  4:46  Pylon  
  47  4:49  Adept  
  47  4:52  Adept  
  53  4:53  Warp Prism  
  53  5:03  Probe x2  
  53  5:06  Gateway  
  53  5:07  Pylon  
  55  5:11  Adept x2  
  55  5:13  Adept  
  61  5:22  Gateway  
  61  5:24  Immortal  
  61  5:26  Probe  
  63  5:28  Probe  
  63  5:31  Sentry  
  63  5:32  Sentry  
  71  5:38  Sentry  
  73  5:50  Gateway x2  
  73  5:57  Pylon  
  73  5:58  Sentry x2  
  77  6:10  Pylon  
  73  6:11  Pylon  
  73  6:12  Pylon  
  73  6:16  Probe  
  74  6:21  Pylon  
  74  6:22  Pylon  
  74  6:23  Gateway  
  74  6:24  Gateway  
  74  6:28  Adept x3  
  80  6:44  Dark Shrine, Blink (Chrono Boost)  
  80  6:45  Pylon  
  80  6:48  Robotics Bay  
  80  6:56  Probe x2  
  82  7:01  Immortal  
  86  7:08  Probe  
  86  7:09  Probe  
  88  7:21  Nexus  
  88  7:35  Disruptor, Pylon  
  88  7:38  Pylon  
  88  7:40  Pylon  
  88  7:41  Probe x2  
  92  7:58  Dark Templar x4  
  94  7:59  Stalker x2  
  94  8:02  Probe  
  94  8:03  Probe  
  106  8:10  Disruptor  
  106  8:17  Probe x2  
  111  8:37  Adept x6  
  123  8:41  Disruptor  
  116  8:58  Stalker x3  
  116  8:59  Stalker  
  116  9:00  Stalker x2  
  122  9:12  Stalker x2  
  96  9:33  Stalker x5  
  96  9:34  Warp Prism  
  84  9:39  Stalker  
  64  9:57  Stalker x4  
  64  9:58  Zealot x2  
  74  10:03  Adept  
  74  10:04  Adept  
  58  10:20  Stalker x2  
  57  10:21  Stalker  
  57  10:22  Stalker  
Tags
 
Add a new tag
Caveats
  • Supply blocks, unpowered buildings, or Contaminate may cause inaccurate times.
  • Supply counts are checked every 10 seconds.